 Dungeon Crawl Stone Soup version 0.18-a0-1789-gbeff17f (webtiles) character file.

1242 Moloch the Basher (level 8, -2/83 HPs)
             Began as an Ogre Fighter on Apr 21, 2016.
             Was a Follower of Okawaru.
             Slain by a giant frog (4 damage)
             ... in a sewer.
             The game lasted 00:11:40 (5025 turns).

Moloch the Basher (Ogre Fighter)                    Turns: 5025, Time: 00:11:40

Health: -2/83      AC:  3    Str: 20    XL:     8   Next: 49%
Magic:  8/8        EV:  8    Int:  7    God:    Okawaru [*.....]
Gold:   182        SH:  8    Dex:  9    Spells: 0 memorised, 7 levels left

rFire  + . .     SeeInvis .     E - +1 war axe of Entrepreneurial Spirit {elec, rPois rF+ rC+ rN++} (curse)
rCold  + . .     Gourm    +     q - +0 animal skin
rNeg   + + .     Faith    .     c - +0 shield
rPois  +         Spirit   .     (helmet restricted)
rElec  .         Dismiss  .     (no cloak)
rCorr  .         Reflect  .     (gloves unavailable)
SustAt .         Harm     .     (boots unavailable)
MR     .....                    B - amulet of the gourmand
Stlth  +.........               (no ring)
                                j - -4 ring of strength (curse)

@: not resistant to hostile enchantments, very unstealthy
A: unfitting armour, tough skin 1
a: Heroism, Renounce Religion


You were in a sewer.
You worshipped Okawaru.
Okawaru was aware of your devotion.
You were very full.

You visited 1 branch of the dungeon, and saw 5 of its levels.
You also visited: Sewer.

You collected 182 gold pieces.

Inventory:

Hand Weapons
 v - a +0 blowgun
 D - a +0 giant club
 E - the cursed +1 war axe of Entrepreneurial Spirit (weapon) {elec, rPois rF+ rC+ rN++}
   (You found it on level 4 of the Dungeon)

   Occasionally, upon striking a foe, it will discharge some electrical energy
   and cause terrible harm.
   It protects you from fire.
   It protects you from cold.
   It protects you from poison.
   It greatly protects you from negative energy.
   It has a curse placed upon it.
 I - a +0 flail of protection
Missiles
 k - 154 stones (quivered)
 l - 77 poisoned needles
 u - 6 curare-tipped needles
Armour
 c - a +0 shield (worn)
 q - a +0 animal skin (worn)
Jewellery
 j - a cursed -4 ring of strength (left hand)
 B - an amulet of the gourmand (around neck)
Wands
 z - a wand of random effects (22/48)
 G - a wand of hasting (4/9)
Scrolls
 b - 2 scrolls of enchant weapon
 r - 2 scrolls of teleportation
 s - a scroll of fear {unknown}
 w - a scroll of recharging
 y - a scroll of magic mapping {unknown}
 C - a scroll of remove curse {unknown}
 H - a scroll of noise {unknown}
Potions
 a - a potion of lignification {unknown}
 d - 2 potions of might
 e - a potion of degeneration {unknown}
 g - a potion of curing {unknown}
 i - 2 potions of brilliance {unknown}
 m - 3 potions of haste {unknown}
 o - 2 potions of cancellation {unknown}
 p - a potion of cure mutation {unknown}
 t - a potion of mutation {unknown}
Comestibles
 f - 4 bread rations
 h - 2 meat rations
 n - a royal jelly
 x - 5 chunks of flesh
 A - a beef jerky


   Skills:
 + Level 6.1 Fighting
 * Level 10.8 Maces & Flails
 * Level 4.2 Throwing
 - Level 2.6 Dodging
 - Level 2.6 Shields


You had 7 spell levels left.
You didn't know any spells.

Dungeon Overview and Level Annotations

Branches:
Dungeon (5/15)
 Temple: D:4-7

Altars:
Dithmenos
Fedhas
Okawaru
Pakellas
Sif Muna


Innate Abilities, Weirdness & Mutations

You are too large for most types of armour.
You have tough skin (AC +1).


Message History

* * * LOW HITPOINT WARNING * * *
You block the giant frog's attack.
You barely miss the giant frog.
The giant frog is almost dead.
The giant frog hits you.
* * * LOW HITPOINT WARNING * * *
The giant frog barely misses you.
You closely miss the giant frog.
The giant frog is almost dead.
The giant frog hits you.
* * * LOW HITPOINT WARNING * * *
You block the giant frog's attack.
You hit the giant frog.
The giant frog is almost dead.
The giant frog barely misses you. The giant frog hits you.
* * * LOW HITPOINT WARNING * * *
You barely miss the giant frog.
The giant frog is almost dead.
You block the giant frog's attack. The giant frog hits you.
You die...

#.≈≈≈≈##≈≈≈#
#.≈≈≈.##≈≈.# ≈
#.≈≈≈.##≈≈.#
≈≈≈#.≈≈≈.##.≈.#
≈≈≈#.≈≈≈.##.≈.#
≈≈≈≈.≈≈≈.###≈##
≈≈≈≈.≈≈≈.# #.#
≈≈≈≈.≈≈≈.# #.#
≈≈≈≈.s≈F@# #∩#
≈≈≈≈≈≈≈≈.# #.#
≈≈≈≈≈≈≈≈.# #∩#
≈≈≈≈≈≈≈≈.# #.#
≈≈≈≈≈≈≈≈.# ###
≈≈≈≈≈≈≈≈.#
≈.≈≈≈≈≈≈.#
≈≈≈≈≈≈≈.#
≈≈≈≈≈≈≈.#


You could see a giant frog and a giant cockroach.

Vanquished Creatures
  Sigmund (D:3)
  Eustachio (D:5)
  Menkaure (D:4)
  An ogre (D:4)
  A centaur (D:5)
  A giant frog (Sewer)
  5 wights (D:5)
  A howler monkey (D:4)
  An orc priest (D:3)
  A hound (D:4)
  Terence (D:2)
  2 worker ants
  Robin (D:2)
  A worker ant zombie (D:5)
  8 adders
  2 river rats (D:5)
  An ooze (D:3)
  2 adder skeletons (D:5)
  2 worms
  A dart slug (D:2)
  9 giant geckos
  5 orcs
  8 giant cockroaches
  15 goblins
  6 hobgoblins
  4 jackals (D:1)
  A quokka (D:2)
  3 ball pythons
  5 bats
  9 giant newts
  A jackal skeleton (D:4)
  9 kobolds
  A quokka skeleton (D:4)
  4 rats
115 creatures vanquished.

Vanquished Creatures (others)
  5 toadstools (D:1)
5 creatures vanquished.

Grand Total: 120 creatures vanquished

Notes
Turn   | Place    | Note
--------------------------------------------------------------
     0 | D:1      | Moloch the Ogre Fighter began the quest for the Orb.
     0 | D:1      | Reached XP level 1. HP: 24/24 MP: 1/1
    29 | D:1      | Reached skill level 3 in Maces & Flails
    43 | D:1      | Reached XP level 2. HP: 25/32 MP: 2/2
   294 | D:1      | Reached skill level 4 in Maces & Flails
   706 | D:2      | Reached XP level 3. HP: 33/39 MP: 3/3
   820 | D:2      | Noticed Terence
   837 | D:2      | Killed Terence
   837 | D:2      | Reached skill level 5 in Maces & Flails
   837 | D:2      | Reached skill level 1 in Throwing
   992 | D:2      | Reached XP level 4. HP: 46/48 MP: 4/4
  1019 | D:2      | Found a deep blue altar of Sif Muna.
  1019 | D:2      | Found a blossoming altar of Fedhas.
  1020 | D:2      | Found an oddly glowing altar of Pakellas.
  1310 | D:2      | Found an iron altar of Okawaru.
  1322 | D:2      | Became a worshipper of Warmaster Okawaru
  1469 | D:2      | Noticed Robin
  1564 | D:2      | Killed Robin
  2101 | D:3      | Reached XP level 5. HP: 45/54 MP: 5/5
  2288 | D:3      | Reached skill level 6 in Maces & Flails
  2914 | D:3      | Noticed Sigmund
  2937 | D:3      | Killed Sigmund
  2937 | D:3      | Reached * piety under Okawaru
  2937 | D:3      | Reached skill level 7 in Maces & Flails
  2937 | D:3      | Reached XP level 6. HP: 43/63 MP: 6/6
  3507 | D:4      | Noticed Menkaure
  3523 | D:4      | Killed Menkaure
  3523 | D:4      | Reached skill level 8 in Maces & Flails
  3523 | D:4      | Reached XP level 7. HP: 38/71 MP: 7/7
  3843 | D:4      | Reached skill level 5 in Fighting
  3996 | D:4      | Found a shadowy altar of Dithmenos.
  4012 | D:4      | Got a transparent war axe
  4013 | D:4      | Identified the cursed +1 war axe of Entrepreneurial Spirit {elec, rPois rF+ rC+ rN++} (You found it on level 4 of the Dungeon)
  4259 | D:4      | Reached skill level 9 in Maces & Flails
  4360 | D:5      | Entered Level 5 of the Dungeon
  4409 | D:5      | Noticed Eustachio
  4424 | D:5      | Killed Eustachio
  4424 | D:5      | Reached XP level 8. HP: 61/81 MP: 8/8
  4495 | D:5      | Reached skill level 10 in Maces & Flails
  4743 | D:5      | Found a glowing drain.
  4764 | Sewer    | Entered a sewer
  5024 | Sewer    | HP: 2/83 [giant frog (3)]
  5025 | Sewer    | Slain by a giant frog

Vault maps used:
D:1:      ldierk_walled_garden, nrook_mini_backslash
D:2:      gammafunk_temple_overflow_claw, lemuel_crystal_altar, first_bread,
          uniq_terence, uniq_robin
D:3:      nrook_loot_triangle, grunt_ministairs_10, minmay_misc_feat_hallway,
          uniq_sigmund
D:4:      serial_forest, infiniplex_forest_end_2, infiniplex_forest_clump_tiny,
          infiniplex_forest_lined_2, infiniplex_forest_corner_1,
          infiniplex_forest_lined_1, infiniplex_forest_straight_3,
          infiniplex_forest_lined_room_3, grunt_dithmenos_smoke, uniq_menkaure
D:5:      portal_sewer_entry_b, uniq_eustachio
Sewer:    sewer_frog_island_01

Skill      XL: |  1  2  3  4  5  6  7  8 |
---------------+-------------------------+-----
Maces & Flails | 3 4 5 7 8 9 10 | 10.8
Throwing       | 1 2 3 4 |  4.2
Fighting       | 5 6 |  6.1
Dodging        | |  2.6
Shields        | |  2.6

Action                   |  1- 3 |  4- 6 |  7- 9 || total
-------------------------+-------+-------+-------++-------
Melee: Flail             |   120 |   131 |       ||   251
       Whip              |       |    66 |    32 ||    98
       War axe           |       |       |   104 ||   104
Throw: Throwing net      |       |     1 |       ||     1
       Stone             |       |       |     5 ||     5
Invok: Heroism           |       |       |     1 ||     1
  Use: Scroll            |     1 |     1 |     2 ||     4
 Stab: Held in net/web   |       |     1 |       ||     1
  Eat: Chunk             |       |     9 |    14 ||    23
Armor: Robe              |    41 |     8 |       ||    49
       Animal skin       |       |    26 |    20 ||    46
Dodge: Dodged            |    33 |    63 |    50 ||   146
Block: Shield            |    48 |    58 |    41 ||   147
